 Dungeon Crawl Stone Soup version 0.23.2-40-g277498a001 (webtiles) character file.

Game seed: 15256410362003789296

10340 Felnil the Fighter (level 11, -10/96 HPs)
             Began as a Mummy Fighter on Aug 14, 2019.
             Was a Follower of Ru.
             Mangled by a two-headed ogre
             ... wielding a +0 giant club
              (14 damage)
             ... on level 10 of the Dungeon.
             The game lasted 00:38:00 (14711 turns).

Felnil the Fighter (Mummy Fighter)                 Turns: 14711, Time: 00:38:01

Health: -10/96     AC: 18    Str: 22    XL:     11   Next: 34%
Magic:  11/11      EV:  5    Int: 11    God:    Ru [*.....]
Gold:   536        SH: 12    Dex: 21    Spells: 10/10 levels left

rFire    . . .     SeeInvis +   B - +1 short sword of Vesysh {chaos, rElec rC++ Dex+9 SInv} (curse)
rCold    + + +     Gourm    .   c - +0 shield
rNeg     + + +     Faith    .   g - +2 plate armour
rPois    ∞         Spirit   .   w - +1 helmet
rElec    +         Reflect  .   k - scarf {rC+ rF+}
rCorr    .         Harm     .   (no gloves)
MR       ++...                  (no boots)
Stlth    ..........             A - amulet of the Foremost Wishes {+Inv rPois MR- Regen+ Int+3}
HPRegen  0.66/turn              x - ring of protection from magic
MPRegen  0.12/turn              n - ring of protection from magic

@: no status effects
A: no food or potions, fire vulnerability, cold resistance 1, negative energy
resistance 3, torment resistance, unbreathing, no stealth, no charms magic, no
fire magic, no hexes magic
a: Renounce Religion, Evoke Invisibility


You were on level 10 of the Dungeon.
You worshipped Ru.
Ru was aware of your devotion.
You were not hungry.

You visited 2 branches of the dungeon, and saw 12 of its levels.

You collected 536 gold pieces.

Inventory:

Hand Weapons
 a - a +0 war axe
 b - a +0 long sword of electrocution
 q - a +2 quarterstaff of chaos
 B - the cursed +1 short sword of Vesysh (weapon) {chaos, rElec rC++ Dex+9 SInv}
   (You took it off a big kobold on level 10 of the Dungeon)

   Each time it hits an enemy it has a different, random effect.
   It affects your dexterity (+9).
   It greatly protects you from cold.
   It insulates you from electricity.
   It lets you see invisible.
   It has a curse placed upon it.
Missiles
 s - 2 throwing nets
 v - 2 tomahawks (quivered)
Armour
 c - a +0 shield (worn)
 g - a +2 plate armour (worn)
 k - a scarf of resistance (worn)
 m - a +2 hat
 w - a +1 helmet (worn)
Jewellery
 n - a ring of protection from magic (right hand)
 o - an uncursed ring of flight
 r - an uncursed ring of magical power
 u - a +4 ring of evasion
 x - a ring of protection from magic (left hand)
 y - a +4 ring of dexterity
 A - the amulet of the Foremost Wishes (around neck) {+Inv rPois MR- Regen+ Int+3}
   (You took it off a big kobold on level 10 of the Dungeon)

   [amulet of regeneration]

   It affects your intelligence (+3).
   It protects you from poison.
   It affects your resistance to hostile enchantments.
   It lets you turn invisible.
   It increases your rate of regeneration.
Wands
 l - a wand of digging (6)
 p - a wand of enslavement (3)
 t - a wand of disintegration (7)
 z - a wand of polymorph (1)
Scrolls
 d - 3 scrolls of identify
 e - 3 scrolls of fog
 f - 6 scrolls of remove curse
 h - a scroll of amnesia
 i - 3 scrolls of magic mapping
 j - a scroll of teleportation


   Skills:
 * Level 12.7 Fighting
 - Level 1.5 Axes
 + Level 8.0 Armour
 + Level 8.0 Shields


You had 10 spell levels left.
You didn't know any spells.
Your spell library contained the following spells:

 Spells                   Type           Power        Failure   Level  Hunger
 Sticks to Snakes         Tmut           #.......     100%        2    N/A
 Beastly Appendage        Tmut           Unusable     N/A         1    N/A
 Spider Form              Tmut/Pois      Unusable     N/A         3    N/A
 Ice Form                 Ice/Tmut       Unusable     N/A         4    N/A
 Blade Hands              Tmut           Unusable     N/A         5    N/A

Dungeon Overview and Level Annotations

Branches:
Dungeon (11/15)            Temple (1/1) D:6             Orc (0/2) D:10
   Lair: D:8-11

Altars:
Ashenzari
Cheibriados
Dithmenos
Elyvilon
Fedhas
Gozag
Hepliaklqana
Kikubaaqudgha
Makhleb
Nemelex Xobeh
Okawaru
Qazlal
Ru
Sif Muna
Trog
Uskayaw
Vehumet
Wu Jian
Xom
Yredelemnul
Zin
The Shining One
Beogh

Shops:
D:8 ?(?

Annotations:
D:10 Joseph; loralnil's ghost, journeyman VSMo


Innate Abilities, Weirdness & Mutations

You do not eat or drink.
Your flesh is vulnerable to fire.
You are immune to poison.
Your flesh is cold resistant. (rC+)
You are immune to negative energy. (rN+++)
You are immune to unholy pain and torment.
You can survive without breathing.
You cannot be stealthy.
You cannot study or cast Charms magic.
You cannot study or cast Fire magic.
You cannot study or cast Hexes magic.


Message History

You are too injured to fight recklessly!
You are too injured to fight recklessly!
You block the two-headed ogre's attack.
The two-headed ogre completely misses you.
You hit the two-headed ogre.
The two-headed ogre is poisoned.
The two-headed ogre is severely wounded.
You block the two-headed ogre's attack.
The two-headed ogre hits you with a +0 giant spiked club!!
* * * LOW HITPOINT WARNING * * *
You hit the two-headed ogre.
You feel earthy.
The two-headed ogre is severely wounded.
You block the two-headed ogre's attack. x2
Your shield prevents you from hitting the two-headed ogre.
The two-headed ogre is severely wounded.
The two-headed ogre hits you but does no damage.
The two-headed ogre hits you with a +0 giant spiked club!
* * * LOW HITPOINT WARNING * * *
You block the two-headed ogre's attack. x2
The two-headed ogre hits you with a +0 giant club!
You die...

.....#.....#......).....#########
....8#.....###.....#.............
#...########.......#.............
#..................#.............
#..................#..........#..
#..................#....#######..
#..........)..)....#....#.....#..
##########.....#####....#.....#..
.........#).†..#@O.>....#.....#..
.........#.....'........#.....#..
.........#.)...#........#.....###
#...#....#.....#####.............
#...#.........##≈⌠≈######........
#...'.........#.....##...........
#...#.........'.###.(#...........
#...#.........'......#...........
#####...#####.'.###..####.....#..


You could see a two-headed ogre.

Vanquished Creatures
  A two-headed ogre (D:10)
  Pikel (D:7)
  A kobold demonologist (D:10)
  A hornet (D:9)
  4 hippogriffs
  A spriggan (D:9)
  Sigmund (D:4)
  A wyvern (D:8)
  5 yaks (D:10)
  Eustachio (D:6)
  Grum (D:9)
  A hungry ghost (D:8)
  A water moccasin (D:7)
  An orc warrior (D:10)
  2 sky beasts
  A slave (D:7)
  5 ice beasts
  A phantom (D:6)
  A necrophage (D:10)
  4 wolves (D:9)
  4 ogres
  7 centaurs
  9 big kobolds
  6 bullfrogs
  A gnoll sergeant (D:6)
  3 scorpions
  7 killer bees
  4 wights (D:10)
  3 howler monkeys (D:10)
  A centaur zombie (D:5)
  3 crimson imps
  A bullfrog zombie (D:6)
  A jelly (D:8)
  8 orc wizards
  6 orc priests (D:10)
  Crazy Yiuf (D:6)
  6 hounds
  2 gnoll shamans (D:9)
  3 iguanas
  4 centaur skeletons
  7 worker ants
  3 hound skeletons
  Robin (D:3)
  A worker ant zombie (D:8)
  15 gnolls
  16 adders
  3 shadow imps
  2 oozes
  3 adder zombies
  3 adder skeletons
  A worm (D:2)
  4 dart slugs
  7 leopard geckos
  28 orcs
  9 giant cockroaches
  9 goblins
  11 hobgoblins
  3 jackals (D:4)
  5 quokkas
  2 ball pythons
  A ball python skeleton (D:4)
  3 bats
  4 frilled lizards
  A jackal skeleton (D:4)
  14 kobolds
  A leopard gecko skeleton (D:8)
  A leopard gecko zombie (D:6)
  A quokka skeleton (D:6)
  8 rats
282 creatures vanquished.

Vanquished Creatures (others)
  Harold (D:10)
  An orc (D:10)
  A goblin (D:3)
  5 plants (D:10)
8 creatures vanquished.

Grand Total: 290 creatures vanquished

Notes
Turn   | Place    | Note
-------+----------+-------------------------------------------
     0 | D:1      | Felnil the Mummy Fighter began the quest for the Orb.
     0 | D:1      | Reached XP level 1. HP: 18/18 MP: 1/1
    50 | D:1      | Reached XP level 2. HP: 24/24 MP: 2/2
   425 | D:1      | Reached XP level 3. HP: 27/30 MP: 3/3
   652 | D:2      | Found an opulent altar of Gozag.
   755 | D:2      | Reached skill level 4 in Fighting
   852 | D:2      | Reached XP level 4. HP: 34/37 MP: 4/4
  1204 | D:2      | Found a sparkling altar of Nemelex Xobeh.
  1291 | D:3      | Noticed Robin
  1311 | D:3      | Killed Robin
  1481 | D:3      | Reached XP level 5. HP: 35/43 MP: 5/5
  2257 | D:4      | Found a deep blue altar of Sif Muna.
  2296 | D:4      | Noticed Sigmund
  2530 | D:4      | Killed Sigmund
  2530 | D:4      | Reached skill level 5 in Fighting
  2530 | D:4      | Reached XP level 6. HP: 45/51 MP: 6/6
  2709 | D:4      | Found an opulent altar of Gozag.
  2709 | D:4      | Found a glowing silver altar of Zin.
  2898 | D:5      | Entered Level 5 of the Dungeon
  2933 | D:5      | Found a basalt altar of Yredelemnul.
  3239 | D:5      | Reached skill level 6 in Fighting
  3239 | D:5      | Reached XP level 7. HP: 31/58 MP: 7/7
  3424 | D:5      | Found a burning altar of Makhleb.
  3424 | D:5      | Noticed a green death
  3582 | D:5      | Found an ancient bone altar of Kikubaaqudgha.
  3764 | D:5      | Found a bloodstained altar of Trog.
  4079 | D:6      | Found a runed translucent door.
  4080 | D:6      | Noticed Crazy Yiuf
  4099 | D:6      | Reached skill level 7 in Fighting
  4165 | D:6      | Noticed Eustachio
  4177 | D:6      | Reached XP level 8. HP: 65/67 MP: 8/8
  4197 | D:6      | Killed Eustachio
  4272 | D:6      | You fall through a shaft for 2 floors!
  4273 | D:8      | Found Qedu's Antique Weapon Shop.
  4295 | D:8      | Noticed a hippogriff
  4305 | D:8      | Killed a hippogriff
  4305 | D:8      | Reached skill level 8 in Fighting
  4305 | D:8      | Reached skill level 5 in Armour
  4347 | D:7      | Found a hide-covered altar of Uskayaw.
  4347 | D:7      | Noticed a +0 hand axe
  4347 | D:7      | Noticed a +0 hand axe
  4354 | D:7      | Reached skill level 5 in Shields
  4660 | D:7      | HP: 2/69 [killer bee (4)]
  5065 | D:6      | Reached XP level 9. HP: 67/75 MP: 9/9
  5083 | D:6      | Reached skill level 9 in Fighting
  5406 | D:6      | Found a staircase to the Ecumenical Temple.
  5427 | Temple   | Entered the Ecumenical Temple
  5498 | Temple   | Became a worshipper of Ru the Awakened
  5827 | D:6      | Killed Crazy Yiuf
  5970 | D:7      | Noticed Pikel
  5987 | D:7      | Killed Pikel
  6436 | D:8      | Found Gabruowu's Magic Scroll Emporium.
  6458 | D:8      | Found a white marble altar of Elyvilon.
  6587 | D:8      | Found Hyruremp's Magic Scroll Emporium.
  6606 | D:8      | Reached skill level 10 in Fighting
  7227 | D:8      | Found a blossoming altar of Fedhas.
  7334 | D:8      | Gained mutation: You cannot study or cast Fire magic. [Ru
                  | sacrifice]
  7334 | D:8      | Gained mutation: You cannot study or cast Hexes magic. [Ru
                  | sacrifice]
  7334 | D:8      | Gained mutation: You cannot study or cast Charms magic. [Ru
                  | sacrifice]
  7334 | D:8      | Reached * piety under Ru
  7343 | D:8      | Found a radiant altar of Vehumet.
  7344 | D:8      | Found a burning altar of Makhleb.
  7353 | D:8      | Reached XP level 10. HP: 86/86 MP: 10/10
  7514 | D:9      | Found an iron altar of Okawaru.
  8362 | D:9      | Noticed Grum
  8797 | D:9      | Reached skill level 11 in Fighting
  9216 | D:10     | Entered Level 10 of the Dungeon
 10247 | D:9      | Killed Grum
 11114 | D:10     | Gained mutation: You cannot be stealthy. [Ru sacrifice]
 11743 | D:10     | Reached skill level 12 in Fighting
 11832 | D:10     | Found a staircase to the Orcish Mines.
 11841 | D:10     | Found a roughly hewn altar of Beogh.
 12194 | D:10     | Noticed a two-headed ogre
 12208 | D:10     | Killed a two-headed ogre
 12208 | D:10     | Reached XP level 11. HP: 34/95 MP: 11/11
 12465 | D:10     | Noticed Harold
 13185 | D:10     | Identified the cursed +1 short sword of Vesysh {chaos,
                  | rElec rC++ Dex+9 SInv}
 13186 | D:10     | Found a runed translucent gate.
 13186 | D:10     | Noticed loralnil's ghost (journeyman VSMo)
 13361 | D:10     | Found a runed translucent gate.
 13361 | D:10     | Found a runed translucent gate.
 13363 | D:10     | Identified the amulet of the Foremost Wishes {+Inv rPois
                  | MR- Regen+ Int+3}
 13410 | D:10     | Noticed Joseph
 13856 | D:10     | Killed Harold
 14693 | D:11     | Noticed a two-headed ogre
 14709 | D:10     | HP: 2/96 [two-headed ogre/+0 giant club (15)]
 14711 | D:10     | Mangled by a two-headed ogre

Skill      XL: |  1  2  3  4  5  6  7  8  9 10 11 |
---------------+----------------------------------+-----
Fighting       | 4 5 6 7 8 10 12 | 12.7
Shields        | 3 4 5 6 7 8 |  8.0
Armour         | 3 4 5 6 7 8 |  8.0
Axes           | |  1.5

Action                   |  1- 3 |  4- 6 |  7- 9 | 10-12 || total
-------------------------+-------+-------+-------+-------++-------
Melee: War axe           |   138 |   163 |       |       ||   301
       Long sword        |       |    68 |   423 |   574 ||  1065
       Short sword       |       |       |       |    29 ||    29
Invok: Sacrifice Arcana  |       |       |     1 |       ||     1
       Sacrifice Stealth |       |       |       |     1 ||     1
Evoke: Wand              |       |       |       |     6 ||     6
  Use: Scroll            |       |     9 |     6 |    10 ||    25
Armor: Scale mail        |    84 |    80 |       |       ||   164
       Chain mail        |       |    26 |       |       ||    26
       Plate armour      |       |    27 |   392 |   608 ||  1027
Dodge: Dodged            |    48 |    81 |   108 |   201 ||   438
Block: Shield            |    88 |   155 |   348 |   536 ||  1127
       Rpst.: Long sword |       |     3 |    36 |    52 ||    91
